Map: [ESL] Gresvan

Players

Bly

  • Race: Zerg Zerg
  • Spawn Location: 5:00

Milkicow - Winner!

  • Race: Terran Terran
  • Spawn Location: 11:00

Event: ESL SC2 Masters 2023 Summer (Regionals)

VOD

Have the link to the VOD?

Description

Time

  • Played on: May 9, 2023, 12:19 p.m.
  • Length: 17:09

All games in this series

Show
View Real Time Build Order
Export as new Build Order

Bly Zerg 

Build Orders: Pool First, Roach Nydus 

Get SALT Encoding   

  12  0:00  Drone  
  13  0:12  Overlord  
  13  0:16  Drone  
  14  0:30  Drone  
  14  0:31  Drone  
  16  0:37  Drone  
  17  0:43  Spawning Pool  
  17  0:48  Drone  
  17  1:07  Hatchery  
  17  1:11  Drone  
  17  1:14  Extractor  
  16  1:30  Queen, Zergling x4  
  20  1:40  Zergling x2  
  21  1:57  Overlord  
  21  2:03  Drone  
  22  2:14  Queen  
  22  2:15  Drone  
  25  2:19  Drone x2, Queen  
  29  2:27  Drone  
  29  2:28  Metabolic Boost  
  30  2:38  Drone x2  
  32  2:44  Overlord  
  32  2:46  Drone  
  32  2:49  Drone  
  34  2:54  Drone  
  34  2:55  Drone  
  35  3:06  Drone x3  
  35  3:09  Lair  
  38  3:13  Drone  
  39  3:23  Drone x4  
  43  3:27  Overlord  
  43  3:33  Drone  
  44  3:35  Extractor  
  43  3:44  Hatchery  
  43  3:47  Extractor, Drone  
  42  3:54  Drone x2  
  42  3:55  Drone x4  
  48  4:06  Drone x3, Roach Warren  
  48  4:08  Extractor  
  49  4:13  Overlord  
  49  4:19  Overlord x2  
  48  4:42  Nydus Network  
  47  4:46  Glial Reconstitution  
  47  4:48  Drone x4  
  47  4:50  Roach x5  
  61  4:59  Roach x3  
  67  5:04  Roach x2  
  71  5:11  Roach x3  
  77  5:15  Overlord  
  77  5:17  Overlord  
  77  5:20  Overlord  
  77  5:30  Nydus Canal  
  77  5:34  Overlord  
  76  5:37  Roach x4  
  84  5:45  Overlord x2  
  84  5:55  Roach x5  
  92  5:57  Nydus Canal  
  78  6:05  Roach x3  
  78  6:12  Nydus Canal  
  78  6:13  Tunneling Claws  
  78  6:17  Roach  
  78  6:18  Roach x2  
  84  6:20  Roach  
  84  6:22  Roach  
  88  6:28  Nydus Canal  
  88  6:39  Roach x6  
  94  6:57  Roach  
  94  6:58  Roach x4  
  92  7:10  Burrow  
  84  7:16  Drone x9  
  84  7:21  Overseer  
  93  7:32  Overlord x4  
  93  7:40  Ravager x4  
  97  8:02  Roach x10  
  117  8:15  Nydus Canal  
  112  8:31  Roach x8  
  93  8:44  Nydus Canal  
  93  8:46  Roach  
  93  8:48  Drone x9  
  64  9:19  Roach x5  
  64  9:24  Roach x11  
  84  9:42  Roach x5  
  88  9:52  Queen x2  
  83  10:19  Roach x7  
  89  10:28  Overseer  
  89  10:33  Roach x2  
  91  10:41  Roach x18  
  91  10:46  Ravager x4  
  91  10:47  Ravager x2  
  97  10:55  Roach x3  
  89  11:15  Roach x8  
  89  11:16  Roach x13  
  99  11:25  Overseer  
  99  11:27  Roach x4  
  99  11:30  Roach  
  109  11:36  Nydus Canal  
  96  11:56  Roach x5  
  96  12:00  Nydus Canal  
  100  12:02  Roach x2  
  91  12:21  Roach x5  
  75  12:30  Roach  
  73  12:41  Roach x2  
  73  12:43  Nydus Canal  
  67  12:52  Roach x2  
  67  12:57  Roach x12  
  71  13:01  Hatchery  
  70  13:12  Nydus Canal  
  70  13:13  Roach  
  70  13:17  Ravager x6  
  76  13:24  Roach x4  
  76  13:25  Roach x9  
  75  13:52  Roach x7  
  81  14:07  Roach x3, Queen  
  56  14:31  Drone x12  
  52  15:24  Roach  
  52  15:36  Extractor, Drone  
  51  15:42  Spore Crawler  
  51  15:43  Spore Crawler  
  49  15:54  Drone x13  
  49  15:56  Roach x10  
  46  16:18  Queen  
  46  16:36  Extractor  
  36  16:45  Roach  
Show
View Real Time Build Order
Export as new Build Order

Milkicow Terran - Winner!

Build Orders: Command Center First 

Get SALT Encoding   

  12  0:00  SCV  
  13  0:13  SCV  
  14  0:17  Supply Depot  
  14  0:25  SCV  
  15  0:38  SCV  
  16  0:50  SCV  
  17  0:59  Command Center  
  17  1:02  SCV  
  18  1:12  Barracks  
  18  1:15  SCV  
  19  1:20  Refinery  
  19  1:27  SCV  
  19  1:30  Refinery  
  20  1:39  SCV  
  21  1:51  SCV  
  22  2:00  Barracks Reactor  
  22  2:02  Barracks  
  22  2:05  Orbital Command  
  22  2:15  Orbital Command  
  22  2:28  Factory  
  22  2:30  SCV  
  22  2:37  Marine x2  
  22  2:42  SCV x2  
  26  2:54  SCV  
  26  2:55  Marine x2  
  26  2:56  SCV  
  29  3:06  SCV, Barracks Tech Lab  
  30  3:12  Marine  
  30  3:13  Marine, SCV  
  30  3:18  SCV  
  34  3:24  Supply Depot  
  34  3:25  SCV  
  34  3:26  Stimpack, Marine  
  36  3:30  Marine, SCV  
  36  3:33  Supply Depot  
  38  3:39  Starport  
  38  3:45  Supply Depot  
  38  3:54  Marine x3, Factory Reactor  
  38  3:55  SCV x2  
  43  4:07  SCV x2, Supply Depot  
  44  4:12  Marine x2  
  44  4:16  Marine  
  47  4:19  SCV x2  
  49  4:25  Supply Depot  
  49  4:30  Marine x2  
  49  4:31  SCV x2  
  53  4:33  Medivac x2  
  53  4:37  Marine  
  58  4:47  Command Center  
  58  4:50  Marine, SCV  
  58  4:51  SCV  
  61  4:53  Factory Tech Lab  
  61  4:54  Marine, Supply Depot  
  61  4:57  Marine  
  63  5:05  Supply Depot  
  63  5:07  Marine  
  63  5:10  SCV  
  63  5:12  Marine  
  66  5:14  Marine  
  66  5:15  Combat Shield  
  66  5:19  SCV  
  71  5:21  Supply Depot  
  71  5:22  SCV  
  71  5:25  Engineering Bay, Marine  
  70  5:30  Barracks  
  70  5:31  SCV  
  70  5:33  Marine  
  70  5:34  SCV, Starport Reactor  
  73  5:37  Marine  
  74  5:43  SCV  
  74  5:44  Bunker, Medivac  
  74  5:46  Marine, Siege Tank, SCV  
  82  5:51  Marine  
  82  5:55  SCV  
  79  5:58  SCV  
  68  6:07  SCV  
  68  6:11  SCV  
  70  6:14  Marine  
  70  6:18  Viking  
  73  6:19  Orbital Command, SCV  
  73  6:21  Marine  
  73  6:23  SCV  
  76  6:30  Refinery  
  76  6:31  SCV  
  77  6:34  Marine  
  77  6:35  SCV  
  77  6:38  Marine x3  
  77  6:39  Marine  
  82  6:43  SCV  
  81  6:47  SCV x2  
  81  6:52  Marine  
  77  6:55  SCV  
  77  6:56  Marine x3  
  77  6:57  Marine  
  77  6:58  Terran Infantry Weapons Level 1  
  77  6:59  SCV  
  78  7:06  SCV  
  78  7:08  SCV  
  79  7:10  Marine  
  79  7:13  SCV, Marine  
  79  7:14  Marine x2  
  79  7:15  Marine  
  84  7:18  SCV  
  84  7:20  SCV  
  84  7:21  Siege Tank  
  89  7:25  SCV  
  89  7:28  Marine  
  91  7:30  SCV  
  91  7:31  Marine  
  91  7:32  SCV  
  91  7:34  Starport Reactor, Supply Depot  
  94  7:40  SCV  
  94  7:41  Marine x2  
  94  7:43  Orbital Command  
  96  7:50  Marine x3  
  99  7:55  Orbital Command, SCV x2  
  99  7:56  Siege Tank  
  103  7:58  Refinery  
  103  7:59  Marine x2  
  105  8:07  SCV x2, Marine  
  105  8:09  Marine x2  
  110  8:17  Marine x2  
  110  8:18  Medivac x2  
  110  8:19  SCV  
  117  8:25  Marine  
  116  8:27  Marine  
  116  8:28  Marine  
  116  8:30  Siege Tank  
  116  8:31  SCV  
  116  8:35  Marine x2  
  116  8:36  SCV  
  110  8:43  Marine  
  110  8:45  Marine  
  110  8:46  Marine  
  108  8:51  SCV x2  
  108  8:52  Marine  
  108  8:53  Marine  
  110  8:57  Missile Turret  
  110  9:00  SCV  
  102  9:03  Marine x2, Siege Tank  
  102  9:04  SCV  
  102  9:07  SCV, Marine  
  102  9:09  Missile Turret  
  107  9:11  Marine x2  
  107  9:13  SCV  
  105  9:21  Marine x2  
  105  9:23  SCV  
  105  9:24  Barracks, SCV  
  105  9:25  SCV, Marine  
  105  9:29  Marine  
  105  9:30  Marine  
  107  9:33  Medivac  
  107  9:35  SCV, Siege Tank  
  107  9:36  SCV  
  109  9:41  SCV  
  109  9:43  Marine  
  109  9:44  Marine  
  109  9:45  Marine  
  104  9:47  Marine, SCV  
  104  9:50  SCV  
  93  9:56  Marine  
  93  9:59  SCV  
  94  10:02  SCV  
  94  10:05  Terran Infantry Armor Level 1  
  93  10:08  Marine  
  93  10:11  SCV  
  95  10:15  SCV  
  94  10:21  Marine, Barracks Tech Lab, Marauder  
  94  10:23  SCV  
  94  10:25  Marine  
  94  10:27  SCV  
  99  10:31  Siege Tank  
  99  10:33  Marine  
  99  10:38  SCV  
  99  10:42  Supply Depot  
  100  10:44  Marine  
  100  10:45  Marauder  
  100  10:48  SCV  
  104  10:55  Missile Turret  
  104  10:58  Marine  
  99  11:05  Marine  
  99  11:07  Orbital Command  
  99  11:09  Siege Tank  
  89  11:17  Marine  
  75  11:18  Marine  
  75  11:24  Marine, Medivac x2, Marauder  
  75  11:25  Marauder  
  79  11:32  Marine  
  80  11:35  Marine  
  80  11:37  SCV  
  80  11:38  Supply Depot  
  80  11:39  SCV  
  83  11:40  Missile Turret  
  83  11:44  Siege Tank  
  85  11:52  Marine, Marauder  
  73  11:55  Orbital Command, Marine  
  73  12:01  Marine  
  66  12:13  Marauder  
  66  12:15  SCV, Marine  
  65  12:21  SCV, Marine  
  62  12:27  Marine  
  63  12:34  Marine  
  63  12:36  Marauder, Marine  
  67  12:40  Marine  
  65  12:51  Marine  
  65  12:52  Marine  
  65  12:54  Marine  
  69  13:01  Supply Depot  
  69  13:02  Marine  
  69  13:05  Orbital Command  
  69  13:23  Marine, Marauder x2  
  58  14:13  Orbital Command  
  54  14:21  Starport Tech Lab  
  44  14:35  Orbital Command  
  45  14:44  Banshee  
  44  14:52  Orbital Command  
  43  14:56  Marine  
  43  15:13  Orbital Command  
  43  15:31  Orbital Command  
  43  15:50  Banshee  
  46  16:06  SCV  
  47  16:12  Marine  
  48  16:24  Marine  
  48  16:25  Marauder x2  
  53  16:30  Marine  
  45  16:42  Marine  
  45  16:46  Marauder x2  
Tags
 
Add a new tag
Caveats
  • Supply blocks, unpowered buildings, or Contaminate may cause inaccurate times.
  • Supply counts are checked every 10 seconds.